 Dungeon Crawl Stone Soup version 0.31.0-11-ge490571c62 (webtiles) character file.

Game seed: 599196377423794288

69 qw the Shooter (level 4, 0/25 HPs)
             Began as a Deep Elf Hunter on Feb 4, 2024.
             Slain by an adder (2 damage)
             ... on level 2 of the Dungeon.
             The game lasted 00:00:05 (1445 turns).

qw the Shooter (Deep Elf Hunter)                    Turns: 1445, Time: 00:00:05

Health: 0/25       AC:  3    Str: 10    XL:     4   Next: 2%
Magic:  6/6        EV:  9    Int: 14    God:
Gold:   130        SH:  0    Dex: 18    Spells: 3/3 levels left

rFire   . . .        a - +0 shortbow
rCold   . . .        (shield currently unavailable)
rNeg    . . .        c - +0 leather armour
rPois   .            (no helmet)
rElec   .            (no cloak)
rCorr   .            (no gloves)
SInv    .            (no boots)
Will    .....        (no amulet)
Stlth   ++           (no ring)
HPRegen 0.24/turn    (no ring)
MPRegen 0.10/turn

%: no passive effects
@: about to teleport, constricted
A: no striking features
a: no special abilities


You were on level 2 of the Dungeon.
You visited 1 branch of the dungeon, and saw 2 of its levels.

You collected 130 gold pieces.


   Skills:
 - Level 1.5 Fighting
 + Level 7.4 Ranged Weapons
 - Level 2.4 Dodging
 - Level 1.2 Stealth


You had 3 spell levels left.
You didn't know any spells.
Your spell library was empty.

Inventory:

Hand Weapons
 a - a +0 shortbow (weapon)
Armour
 c - a +0 leather armour (worn)
 g - a +0 ring mail
Jewellery
 f - a +4 ring of protection
Wands
 d - a wand of roots (11)
Potions
 b - a potion of lignification {unknown}
 h - a potion of curing
 k - a potion of enlightenment
 l - a potion of haste {unknown}

Dungeon Overview and Level Annotations

Branches:
Dungeon (2/15)

Altars:


Message History

The adder is moderately wounded.
The goblin hits you with a +0 club. The adder bites you.
You are poisoned.
The adder poisons you! The goblin closely misses you.
You shoot an arrow. The arrow hits the adder!
You kill the adder!
You feel sick. The adder bites you but does no damage.
The goblin barely misses you. The adder closely misses you.
You have reached level 4!
You feel clever.
You shoot an arrow. The arrow barely misses the adder.
The arrow hits the endoplasm.
The endoplasm is severely wounded.
You feel sick. The adder closely misses you. The goblin closely misses you.
You shoot an arrow. The arrow completely misses the adder.
The arrow hits the endoplasm.
You kill the endoplasm!
You feel sick. The adder bites you. The goblin misses you.
The adder bites you but does no damage.
You shoot an arrow. The arrow hits the adder.
The adder is heavily wounded.
You feel sick.
You are no longer poisoned.
The goblin hits you with a +0 club.
1443 ||| READING scroll of teleportation.
As you read the scroll of teleportation, it crumbles to dust.
You feel strangely unstable. The adder barely misses you.
The goblin barely misses you. The ball python bites you.
The ball python grabs you. The ball python constricts you.
You shoot an arrow. The arrow hits the ball python.
The ball python is heavily wounded.
The adder barely misses you.
The ball python bites you but does no damage.
The ball python constricts you. The goblin hits you but does no damage.
The adder bites you.
You shoot an arrow. The arrow hits the ball python.
The ball python is heavily wounded.
The ball python barely misses you. The ball python constricts you.
The adder bites you.
You die...

#.# S. #.###S#
#....J #.... #...
#.. #.### ##..# %.
#Sg.### #...#.).
#@S...## #...#..
#......###.....
#.###..##....#
#.###...#....#
#..##.).#....####.
#.................
###########.######
#.#..# #.## #.#
#...## #..#


You could see an adder, a goblin and a ball python.

Vanquished Creatures
  An adder (D:2)
  A dart slug (D:1)
  A ribbon worm (D:2)
  2 bats (D:1)
  4 endoplasms
  3 giant cockroaches
  8 goblins
  3 hobgoblins (D:1)
  9 kobolds
  5 quokkas
  5 ball pythons
  4 frilled lizards
  4 rats
50 creatures vanquished.

Notes
Turn   | Place    | Note
-------+----------+-------------------------------------------
     0 | D:1      | qw the Deep Elf Hunter began the quest for the Orb.
     0 | D:1      | Reached XP level 1. HP: 12/12 MP: 3/3
     0 | D:1      | 0 ||| qw: Version: 0.3-a-160-g6735b56
     0 | D:1      | 0 ||| qw: Game counter: 4891
     0 | D:1      | 0 ||| qw: Melee chars always use a shield: true
     0 | D:1      | 0 ||| qw: God list: Okawaru
     0 | D:1      | 0 ||| qw: Allow faded altars: false
     0 | D:1      | 0 ||| qw: Do Orc after clearing Dungeon:15 true
     0 | D:1      | 0 ||| qw: Do second Lair branch before Depths: true
     0 | D:1      | 0 ||| qw: Lair rune preference: random
     0 | D:1      | 0 ||| qw: Goals: Normal
     0 | D:1      | 0 ||| PLANNING D:1-11
    84 | D:1      | Reached XP level 2. HP: 16/16 MP: 4/4
    91 | D:1      | Reached skill level 6 in Ranged Weapons
   562 | D:1      | Reached XP level 3. HP: 20/20 MP: 5/5
   884 | D:1      | 884 ||| READING scroll labelled VYF KAVEDITZAE.
   885 | D:1      | 885 ||| READING 2 scrolls labelled WURAYM RESSIACW.
   890 | D:1      | 890 ||| READING scroll labelled MUDAEN BAUNN.
   891 | D:1      | 891 ||| READING scroll labelled PAMEJOOPPI.
   892 | D:1      | 892 ||| READING 2 scrolls labelled XUZABR RYCWAE.
   892 | D:1      | 892 ||| IDENTIFYING fuming inky potion
   893 | D:1      | 893 ||| READING scroll of identify.
   893 | D:1      | 893 ||| IDENTIFYING amethyst potion
   894 | D:1      | 894 ||| READING scroll labelled SEMIAMM EFUM.
   895 | D:1      | 895 ||| DROPPING scroll of butterflies.
   897 | D:1      | 897 ||| Stepping ~*~*~tactically~*~*~ (cloud).
   900 | D:1      | HP: 5/20 [poisoned by you (poison gas)]
   904 | D:1      | HP: 2/20 [poisoned by you (poison gas)]
  1000 | D:2      | 1000 ||| STAIRDANCE
  1102 | D:2      | Found a faded altar of an unknown god.
  1118 | D:2      | Reached skill level 7 in Ranged Weapons
  1432 | D:2      | 1432 ||| RETREEEEATING.
  1440 | D:2      | Reached XP level 4. HP: 12/25 MP: 6/6
  1442 | D:2      | HP: 6/25 [goblin/+0 club (2)]
  1443 | D:2      | 1443 ||| READING scroll of teleportation.
  1444 | D:2      | HP: 2/25 [adder (3)]
  1445 | D:2      | Slain by an adder

Levels and vault maps discovered:
D:1:      ncdulo_watergridlock, layout_basic, minmay_vboxes
D:2:      minmay_recursive_quarters, layout_loops_ring, basic_ecumenical_altar,
          chequers_serial_rivers_large_b, minivault_19, minmay_misc_feat_five

Skill      XL: |  1  2  3 |
---------------+----------+-----
Ranged Weapons | 6 7 |  7.4
Fighting       | |  1.5
Dodging        | |  2.4
Stealth        | |  1.2

Action                     |  1- 3 |  4- 6 || total
---------------------------+-------+-------++-------
   Fire: Shortbow          |   135 |     5 ||   140
    Use: Scroll            |     7 |     1 ||     8
 Armour: Leather armour    |    26 |     8 ||    34
  Dodge: Dodged            |    36 |     7 ||    43

Table legend:
 A = Non-vault XP
 B = Vault XP
 C = Vault XP percentage of total XP
 D = Non-vault monster count
 E = Vault monster count
 F = Vault count percentage of total count
                 A         B        C        D         E       F
            +---------+---------+-------+---------+---------+-------
      Total |      79 |      20 |  20.2 |      38 |      12 |  24.0
            +---------+---------+-------+---------+---------+-------
        D:1 |      41 |      12 |  22.6 |      23 |       8 |  25.8
        D:2 |      38 |       8 |  17.4 |      15 |       4 |  21.1
            +---------+---------+-------+---------+---------+-------
